 Dungeon Crawl Stone Soup version 0.26.1-11-gd32895ea62 (webtiles) character file.

Game seed: 2964192560617799595

346 Zeld the Cleaver (level 6, -1/51 HPs)
             Began as a Minotaur Berserker on May 25, 2021.
             Was a Believer of Trog.
             Slain by an orc wizard
             ... wielding a +2 dagger of electrocution
              (3 damage)
             ... on level 4 of the Dungeon.
             The game lasted 00:02:02 (3240 turns).

Zeld the Cleaver (Minotaur Berserker)               Turns: 3240, Time: 00:02:02

Health: -1/51      AC:  2    Str: 24    XL:     6   Next: 32%
Magic:  5/5        EV: 12    Int:  4    God:    Trog [**....]
Gold:   134        SH:  0    Dex:  9    Spells: 5/5 levels left

rFire    . . .     SeeInvis .   a - +0 hand axe
rCold    . . .     Faith    .   (no shield)
rNeg     . . .     Spirit   .   (no armour)
rPois    .         Reflect  .   (helmet restricted)
rElec    .         Harm     .   q - +0 cloak
rCorr    .         Rampage  .   o - +0 pair of gloves
Will     .....                  (no boots)
Stlth    +.........             (no amulet)
HPRegen  0.17/turn              (no ring)
MPRegen  0.09/turn              (no ring)

@: confused
A: retaliatory headbutt, horns 2
a: Renounce Religion, Berserk, Trog's Hand


You were on level 4 of the Dungeon.
You worshipped Trog.
Trog was pleased with you.
You visited 1 branch of the dungeon, and saw 4 of its levels.

You collected 134 gold pieces.

Inventory:

Hand Weapons
 a - a +0 hand axe (weapon)
Armour
 o - a +0 pair of gloves (worn)
 q - a +0 cloak (worn)
Scrolls
 b - 6 scrolls of identify {unknown}
 d - a scroll of fog {unknown}
 e - 2 scrolls of noise {unknown}
 g - 2 scrolls of enchant weapon {unknown}
 j - 4 scrolls of teleportation {unknown}
 k - 3 scrolls of blinking {unknown}
 l - 2 scrolls of remove curse {unknown}
 r - a scroll of magic mapping {unknown}
Potions
 c - a potion of resistance {unknown}
 f - a potion of curing {unknown}
 h - a potion of might {unknown}
 i - a potion of invisibility {unknown}
 m - 2 potions of lignification {unknown}
 n - 2 potions of flight {unknown}
 p - a potion of heal wounds {unknown}


   Skills:
 - Level 3.6 Fighting
 * Level 8.6 Axes
 - Level 2.4 Armour
 - Level 2.1 Dodging


You had 5 spell levels left.
You didn't know any spells.
Your spell library was empty.

Dungeon Overview and Level Annotations

Branches:
Dungeon (4/15)
 Temple: D:4-7

Altars:
Cheibriados


Innate Abilities, Weirdness & Mutations

You reflexively headbutt those who attack you in melee.
You have a pair of horns on your head.


Message History

The orc wizard points at you and mumbles some strange words.
The magic dart hits you.
* * * LOW HITPOINT WARNING * * *
There is a stone staircase leading up here.
You closely miss the orc. Your headbutt misses the orc.
You closely miss the orc wizard. The orc closely misses you.
The orc wizard closely misses you.
The orc wizard hits you with a +2 dagger of electrocution.
* * * LOW HITPOINT WARNING * * *
You are electrocuted!
* * * LOW HITPOINT WARNING * * *
Unknown command.
The orc throws a boomerang.
The boomerang misses you.
The weapon returns to the orc!
The orc throws a boomerang.
The boomerang hits you.
* * * LOW HITPOINT WARNING * * *
The weapon returns to the orc!
The orc wizard hits you but does no damage.
The orc wizard hits you with a +2 dagger of electrocution.
You die...

#.........#
+.........#
#.........#
#........#
#........#
#........#
#........#
#......o.#
+......o@#
#....<...###
######.....# #.....#
#..?..# +.....#
##############.....#
#..............##+##
#..............#


You could see an orc wizard and an orc.

Vanquished Creatures
  Eustachio (D:4)
  A scorpion (D:2)
  An orc wizard (D:4)
  4 gnolls (D:2)
  3 adders
  An adder skeleton (D:4)
  6 dart slugs
  3 leopard geckos
  4 orcs (D:4)
  4 bats
  3 giant cockroaches
  5 goblins
  4 hobgoblins
  6 kobolds
  2 ball pythons
  A frilled lizard (D:2)
  A leopard gecko skeleton (D:4)
  6 rats
56 creatures vanquished.

Notes
Turn   | Place    | Note
-------+----------+-------------------------------------------
     0 | D:1      | Zeld the Minotaur Berserker began the quest for the Orb.
     0 | D:1      | Reached XP level 1. HP: 19/19 MP: 0/0
   345 | D:1      | Reached skill level 4 in Axes
   348 | D:1      | Reached XP level 2. HP: 19/26 MP: 1/1
   968 | D:2      | Reached skill level 5 in Axes
  1187 | D:2      | Reached ** piety under Trog
  1188 | D:2      | Reached XP level 3. HP: 19/31 MP: 2/2
  1440 | D:2      | Found a snail-covered altar of Cheibriados.
  1579 | D:2      | Noticed a scorpion
  1587 | D:2      | Killed a scorpion
  1588 | D:2      | Reached skill level 6 in Axes
  1588 | D:2      | Reached XP level 4. HP: 39/39 MP: 3/3
  1845 | D:2      | Reached skill level 7 in Axes
  1845 | D:2      | Reached XP level 5. HP: 36/45 MP: 4/4
  2359 | D:3      | Found a faded altar of an unknown god.
  3018 | D:4      | Noticed Eustachio
  3037 | D:4      | Killed Eustachio
  3038 | D:4      | Reached skill level 8 in Axes
  3038 | D:4      | Reached XP level 6. HP: 24/51 MP: 5/5
  3239 | D:4      | HP: 2/51 [orc/boomerang (3)]
  3240 | D:4      | Slain by an orc wizard

Illustrated notes

Levels and vault maps discovered:
D:1:      ebering_trefoil_twist, layout_basic
D:2:      layout_basic, kennysheep_slug_shrine
D:3:      layout_basic, chequers_ecumenical_altar_simple
D:4:      layout_gridville, uniq_eustachio

Skill      XL: |  1  2  3  4  5 |
---------------+----------------+-----
Axes           | 4 5 6 7 8 |  8.6
Fighting       | |  3.6
Armour         | |  2.4
Dodging        | |  2.1

Action                   |  1- 3 |  4- 6 || total
-------------------------+-------+-------++-------
Melee: Hand axe          |    56 |    58 ||   114
       Headbutt          |    12 |     9 ||    21
Invok: Berserk           |     1 |     3 ||     4
Armor: Skin              |       |     4 ||     4
Dodge: Dodged            |    41 |    45 ||    86
